AoeStats
← Elmp5

Arena

509702472Analyzed
1v1 RM · 4d ago on Sep 27, 2026· 39m 21s· 2 players
Game mode
Random Map
Map size
Tiny (2 player)
Population
200
Speed
Normal
Resources
Standard
Victory
Conquest
Starting age
Dark Age
Ending age
Imperial Age
RankedLock teamsTeams togetherTeam positionsShared explorationLock speedFull tech treeHidden civsTurbo modeCheats
Victory
Defeat
🇨🇱 Franks · Chile
831
+17
🇬🇧 Portuguese · United Kingdom
853
-17
Elmp5
1:05 Loom
3:38 Loom
10:42 Feudal Age
15:58 Castle Age
15:01 Double-Bit Axe
18:55 Bow Saw
21:31 Stone Mining
23:20 Gold Mining
23:35 Padded Archer Armor
24:32 Wheelbarrow
24:36 Ballistics
29:03 Imperial Age
26:54 Loom
27:34 Hand Cart
27:42 Town Watch
27:48 Loom
30:20 Forging
30:16 Scale Barding Armor
31:15 Chemistry
30:02 Elite Throwing Axeman
30:28 Cavalier
31:09 Husbandry
32:42 Town Patrol
33:23 Iron Casting
32:49 Scale Mail Armor
33:10 Chain Barding Armor
33:20 Fletching
33:46 Leather Archer Armor
33:32 Light Cavalry
35:46 Chain Mail Armor
36:32 Blast Furnace
36:20 Gold Shaft Mining
Hamstafish
8:43 Loom
11:16 Feudal Age
14:58 Wheelbarrow
14:18 Double-Bit Axe
16:55 Castle Age
15:34 Horse Collar
21:30 Fervor
21:45 Sanctity
20:53 Pikeman
26:31 Bow Saw
30:35 Heavy Plow
34:41 Imperial Age
32:27 Hand Cart
33:12 Fletching
33:23 Padded Archer Armor
35:00 Halberdier
36:52 Chemistry
37:40 Masonry
Connection lost

Rejoining the realm…

Still unreachable

The connection could not be restored.

Session expired

The server has moved on; the page needs a fresh start.